 Dungeon Crawl Stone Soup version 0.28.0-1-gb440e238dd (webtiles) character file.

Game seed: 10380076278002745526

335 bande the Covered (level 6, -4/39 HPs)
             Began as a Gargoyle Fighter on Feb 21, 2022.
             Slain by a bullfrog (6 damage)
             ... in a sewer.
             The game lasted 00:05:03 (3035 turns).

bande the Covered (Gargoyle Fighter)                Turns: 3035, Time: 00:05:04

Health: -4/39      AC: 11    Str: 20    XL:     6   Next: 53%
Magic:  6/6        EV:  9    Int:  8    God:
Gold:   34         SH:  4    Dex: 11    Spells: 5/5 levels left

rFire   . . .      SeeInvis .   a - +0 war axe
rCold   . . .      Faith    .   c - +0 buckler
rNeg    + . .      Spirit   .   b - +0 scale mail
rPois   ∞          Reflect  .   (no helmet)
rElec   +          Harm     .   (no cloak)
rCorr   .          Rampage  .   (no gloves)
Will    .....                   (no boots)
Stlth   ..........              (no amulet)
HPRegen 0.13/turn               (no ring)
MPRegen 0.10/turn               (no ring)

@: mighty, invisible, very slow
A: sickness immunity, AC +4, negative energy resistance 1, electricity
resistance, torment resistance 1, petrification resistance
a: no special abilities


You were in a sewer.
You visited 1 branch of the dungeon, and saw 3 of its levels.
You also visited: Sewer.

You collected 34 gold pieces.

Inventory:

Hand Weapons
 a - a +0 war axe (weapon)
 e - a +0 war axe
Armour
 b - a +0 scale mail (worn)
 c - a +0 buckler (worn)
Scrolls
 f - 2 scrolls of vulnerability {unknown}
 h - a scroll of acquirement {unknown}
 i - a scroll of summoning {unknown}
 j - a scroll of magic mapping


   Skills:
 + Level 4.3 Fighting
 + Level 4.4 Axes
 + Level 4.5 Armour
 + Level 4.2 Shields


You had 5 spell levels left.
You didn't know any spells.
Your spell library contained the following spells:

 Spells                   Type           Power      Damage    Failure   Level
 Magic Dart               Conj           0%         1d3       83%         1
 Call Imp                 Summ           0%         N/A       93%         2
 Mephitic Cloud           Conj/Pois/Air  0%         N/A       99%         3


Dungeon Overview and Level Annotations

Branches:
Dungeon (3/15)              Sewer (1/1)

Altars:


Innate Abilities, Weirdness & Mutations

You are immune to sickness and miasma.
Your stone body is resilient. (AC +4)
You are immune to poison.
You resist negative energy. (rN+)
You are resistant to electric shocks. (rElec)
You are resistant to unholy torment.
You are immune to petrification.


Message History

You completely miss the adder. You barely miss the frilled lizard.
The bullfrog hits you.
* * * LOW HITPOINT WARNING * * *
The adder bites you.
* * * LOW HITPOINT WARNING * * *
The frilled lizard bites you but does no damage.
The bullfrog hits you but does no damage.
The adder bites you.
* * * LOW HITPOINT WARNING * * *
The frilled lizard bites you but does no damage.
Your unstable footing causes you to fumble your attack.
The bullfrog closely misses you. The adder bites you but does no damage.
The frilled lizard bites you but does no damage.
The bullfrog hits you but does no damage.
The adder misses you.
You miss the bullfrog.
The bullfrog is lightly wounded.
You hit the frilled lizard.
You kill the frilled lizard!
You closely miss the adder.
You feel less invigorated.
You feel less confused. The bullfrog barely misses you.
The adder bites you but does no damage. The bullfrog closely misses you.
You slash the bullfrog!
The bullfrog is heavily wounded.
You closely miss the adder. The adder barely misses you.
The bullfrog misses you. The adder completely misses you.
The bullfrog completely misses you.
Your unstable footing causes you to fumble your attack.
The bullfrog hits you! The adder misses you.
The bullfrog hits you but does no damage.
The adder bites you but does no damage.
Your unstable footing causes you to fumble your attack.
The bullfrog barely misses you. The adder bites you.
* * * LOW HITPOINT WARNING * * *
The bullfrog hits you.
* * * LOW HITPOINT WARNING * * *
Your unstable footing causes you to fumble your attack.
The adder bites you but does no damage. The bullfrog hits you.
You die...

..##### †††'..# ...#..#
...####
....################## #
......≈≈≈≈≈≈≈≈≈≈≈≈≈≈≈#..
#.....≈≈≈≈≈≈≈≈≈≈≈≈≈≈≈...
#.....≈≈≈≈≈≈≈≈≈≈≈≈≈≈#...
#.....≈≈≈≈≈≈≈≈†#@†≈≈≈...
##....≈≈≈≈≈#≈.†F#S≈≈≈...
###..≈≈≈≈≈≈≈≈≈≈≈≈≈≈≈...
#####################


You could see a bullfrog and an adder.

Vanquished Creatures
  A bullfrog (Sewer)
  An orc wizard (D:3)
  12 adders
  5 river rats (Sewer)
  3 dart slugs (D:2)
  2 orcs (D:3)
  4 endoplasms
  4 giant cockroaches
  3 goblins
  6 hobgoblins
  4 jackals (D:1)
  2 quokkas
  13 ball pythons
  8 bats
  6 frilled lizards
  5 kobolds
  21 rats
  A spectral goblin (D:2)
101 creatures vanquished.

Notes
Turn   | Place    | Note
-------+----------+-------------------------------------------
     0 | D:1      | bande the Gargoyle Fighter began the quest for the Orb.
     0 | D:1      | Reached XP level 1. HP: 14/14 MP: 1/1
    57 | D:1      | Reached XP level 2. HP: 15/19 MP: 2/2
   631 | D:1      | Reached XP level 3. HP: 20/24 MP: 3/3
  1132 | D:2      | Reached XP level 4. HP: 29/29 MP: 4/4
  1489 | D:2      | Found a faded altar of an unknown god.
  1907 | D:3      | Reached XP level 5. HP: 14/33 MP: 5/5
  1914 | D:3      | Found a glowing drain.
  1953 | Sewer    | Entered a sewer
  2871 | Sewer    | Reached XP level 6. HP: 35/38 MP: 6/6
  3035 | Sewer    | Slain by a bullfrog

Illustrated notes

Levels and vault maps discovered:
D:1:      evilmike_arrival_fibonacci_small, layout_basic, minmay_domino_4
D:2:      layout_basic, dreamdust_ecumenical_altar_drowned_temple,
          minmay_surrounded
D:3:      layout_rooms, grunt_dithmenos_smoke_and_mirrors,
          hellmonk_ghost_happy_afterlife, portal_sewer_entry_d, st_stairs_3
Sewer:    sewer_minmay_w

Skill      XL: |  1  2  3  4  5 |
---------------+----------------+-----
Axes           | 2 3 4 |  4.4
Fighting       | 4 |  4.3
Armour         | 4 |  4.5
Shields        | 4 |  4.2

Action                   |  1- 3 |  4- 6 || total
-------------------------+-------+-------++-------
Melee: War axe           |   139 |   204 ||   343
  Use: Scroll            |     3 |     2 ||     5
       Potion            |       |     4 ||     4
Armor: Scale mail        |    92 |   191 ||   283
Dodge: Dodged            |    89 |   149 ||   238
Block: Buckler           |    36 |    59 ||    95
